 Dungeon Crawl Stone Soup version 0.21-a0-349-g0c35859 (webtiles) character file.

242 vishdafish the Skirmisher (level 5, 0/42 HPs)
             Began as a Demonspawn Fighter on Oct 7, 2017.
             Was an Initiate of Makhleb.
             Slain by an orc priest
             ... wielding a +0 flail
              (5 damage)
             ... on level 3 of the Dungeon.
             The game lasted 00:03:10 (2427 turns).

vishdafish the Skirmisher (Demonspawn Fighter)      Turns: 2427, Time: 00:03:12

Health: 0/42       AC:  6    Str: 21    XL:     5   Next: 82%
Magic:  6/6        EV:  8    Int: 11    God:    Makhleb [......]
Gold:   137        SH:  9    Dex: 12    Spells: 4/4 levels left

rFire    . . .     SeeInvis .   a - +0 war axe
rCold    + . .     Gourm    .   c - +0 shield
rNeg     . . .     Faith    .   l - +0 scale mail (curse)
rPois    .         Spirit   .   (no helmet)
rElec    .         Reflect  .   (no cloak)
rCorr    .         Harm     .   (no gloves)
MR       +....                  (no boots)
Stlth    ..........             (no amulet)
HPRegen  0.14/turn              j - ring of protection from magic
MPRegen  0.10/turn              m - ring of wizardry

@: mighty
A: hooves 1, cold resistance 1, sturdy frame 1
a: Renounce Religion


You were on level 3 of the Dungeon.
You worshipped Makhleb.
Makhleb was noncommittal.
You were not hungry.

You visited 1 branch of the dungeon, and saw 3 of its levels.

You collected 137 gold pieces.

Inventory:

Hand Weapons
 a - a +0 war axe (weapon)
Armour
 b - a +0 scale mail
 c - a +0 shield (worn)
 l - a cursed +0 scale mail (worn)
Jewellery
 j - a ring of protection from magic (left hand)
 m - a ring of wizardry (right hand)
Scrolls
 e - 4 scrolls of identify {unknown}
 g - 3 scrolls of teleportation {unknown}
 h - a scroll of remove curse {unknown}
 o - a scroll of immolation {unknown}
 p - a scroll of fog {unknown}
 t - a scroll of amnesia {unknown}
 u - a scroll of enchant weapon {unknown}
Potions
 d - a potion of might
 k - a potion of degeneration {unknown}
 n - a potion of mutation {unknown}
 q - a potion of berserk rage {unknown}
 r - a potion of curing {unknown}
 s - a potion of lignification {unknown}
Comestibles
 i - 3 meat rations


   Skills:
 + Level 3.8 Fighting
 * Level 3.5 Axes
 + Level 3.5 Armour
 + Level 3.5 Shields
 * Level 2.1 Invocations


You had 4 spell levels left.
You didn't know any spells.

Dungeon Overview and Level Annotations

Branches:
Dungeon (3/15)

Altars:
Makhleb
Sif Muna


Innate Abilities, Weirdness & Mutations

You have large cloven feet.
Your flesh is cold resistant. (rC+)
Your movements are slightly less encumbered by armour. (ER -2)


Message History

The orc priest calls upon Beogh to heal the orc.
The orc's wounds heal themselves!
The orc hits you but does no damage.
Your shield and scale mail prevent you from hitting the orc priest.
Your kick misses the orc priest.
The orc priest is moderately wounded.
You barely miss the orc.
The orc priest hits you with a whip of electrocution.
You are electrocuted!
* * * LOW HITPOINT WARNING * * *
The orc closely misses you. The orc priest barely misses you.
You feel very mighty all of a sudden. The orc hits you with a club.
* * * LOW HITPOINT WARNING * * *
You slash the orc priest!
You kill the orc priest!
Makhleb accepts your kill.
Your Invocations skill increases to level 2!
You hit the orc. You block the orc's attack. x2
The orc priest hits you with a flail.
You die...

. ## .# .##.##
...... ....#
####....###.
###...## #....
#.....)#.....#
#.#.#.@o.#
#.#...o#.'....
#.###### #....
#.# ... #.# #
#.# #.#######
#....
#.......#
##### #....
#######.#
#....# #....


You could see an orc priest and an orc.

Vanquished Creatures
  A hound (D:2)
  An orc priest (D:3)
  An orc wizard (D:3)
  Natasha (D:3)
  7 adders
  3 worms (D:2)
  4 leopard geckos
  2 ball pythons (D:2)
  9 bats
  3 giant cockroaches
  6 goblins
  5 hobgoblins
  2 jackals (D:2)
  3 kobolds
  4 frilled lizards
  12 rats
64 creatures vanquished.

Notes
Turn   | Place    | Note
-------+----------+-------------------------------------------
     0 | D:1      | vishdafish the Demonspawn Fighter began the quest for the Orb.
     0 | D:1      | Reached XP level 1. HP: 18/18 MP: 1/1
    84 | D:1      | Gained mutation: Your movements are slightly less encumbered by armour. (ER -2) [demonic ancestry]
    84 | D:1      | Reached XP level 2. HP: 23/24 MP: 2/2
   937 | D:2      | Reached XP level 3. HP: 27/29 MP: 3/3
   943 | D:2      | Found a deep blue altar of Sif Muna.
  1380 | D:2      | Gained mutation: Your flesh is cold resistant. (rC+) [demonic ancestry]
  1380 | D:2      | Reached XP level 4. HP: 32/35 MP: 4/4
  1605 | D:2      | Found a burning altar of Makhleb.
  1620 | D:2      | Became a worshipper of Makhleb the Destroyer
  2012 | D:2      | Gained mutation: You have large cloven feet. [demonic ancestry]
  2012 | D:2      | Reached XP level 5. HP: 32/42 MP: 5/5
  2252 | D:3      | Reached skill level 1 in Invocations
  2258 | D:3      | Noticed Natasha
  2265 | D:3      | Killed Natasha
  2427 | D:3      | Slain by an orc priest

Vault maps used:
D:1:      roderic_crop_circles_arrival_large
D:2:      old_standard_altar, makhleb_heckhound_becter
D:3:      uniq_natasha, uniq_crazy_yiuf_cottage, uniq_jessica

Skill      XL: |  1  2  3  4  5 |
---------------+----------------+-----
Axes           | 2 3 |  3.5
Shields        | 3 |  3.5
Armour         | 3 |  3.5
Invocations    | 2 |  2.1
Fighting       | |  3.8

Action                   |  1- 3 |  4- 6 || total
-------------------------+-------+-------++-------
Melee: War axe           |   108 |    92 ||   200
       Kick              |       |    10 ||    10
  Use: Potion            |       |     1 ||     1
  Eat: Chunk             |     1 |     1 ||     2
       Bread ration      |       |     1 ||     1
Armor: Scale mail        |    50 |    44 ||    94
Dodge: Dodged            |    36 |    30 ||    66
Block: Shield            |    52 |    50 ||   102

Table legend:
 A = Spawn XP
 B = Non-spawn XP
 C = Spawn XP percentage of total XP
 D = Spawn monster count
 E = Non-spawn monster count
 F = Spawn count percentage of total count
 G = Total turns spent on level
                    A         B        C        D         E        F      G
               +---------+---------+-------+---------+---------+-------+---------
         Total |       0 |     347 |   0.0 |       0 |      64 |   0.0 |  2427
               +---------+---------+-------+---------+---------+-------+---------
           D:1 |       0 |      24 |   0.0 |       0 |      14 |   0.0 |   958
           D:2 |       0 |     180 |   0.0 |       0 |      37 |   0.0 |  1219
           D:3 |       0 |     143 |   0.0 |       0 |      13 |   0.0 |   250
               +---------+---------+-------+---------+---------+-------+---------
